Map: Dreamcatcher LE

Players

FallenSAINT - Winner!

  • Race: Terran Terran
  • League: Diamond
  • Spawn Location: 11:00

Marzbar

  • Race: Zerg Zerg
  • League: Diamond
  • Spawn Location: 5:00

VOD

Have the link to the VOD?

Description

Time

  • Played on: June 17, 2018, 5:10 p.m.
  • Length: 13:36
Show
View Real Time Build Order
Export as new Build Order

FallenSAINT Terran - Winner!

Build Orders: Bio Tank 

Get SALT Encoding   

  12  0:00  SCV  
  13  0:12  SCV  
  14  0:17  Supply Depot  
  14  0:25  SCV  
  15  0:33  Refinery  
  15  0:39  SCV  
  16  0:45  Barracks  
  16  0:51  SCV  
  17  1:03  SCV  
  18  1:15  SCV  
  19  1:27  SCV  
  20  1:33  Factory  
  20  1:34  Marine  
  20  1:39  Orbital Command  
  21  1:40  Supply Depot  
  21  2:01  Barracks Tech Lab  
  21  2:06  SCV  
  22  2:13  Refinery  
  22  2:22  Command Center  
  22  2:29  SCV, Barracks Reactor  
  23  2:31  Barracks Tech Lab  
  23  2:41  Siege Tank, SCV  
  27  2:51  Marine  
  27  2:53  SCV  
  27  2:57  Barracks  
  29  3:04  Barracks  
  29  3:05  SCV  
  29  3:09  Stimpack, Marine  
  31  3:22  Siege Tank  
  31  3:23  SCV  
  35  3:27  Marine  
  36  3:35  SCV  
  36  3:38  Orbital Command  
  37  3:52  Marine  
  37  3:53  Marine  
  37  3:54  Siege Tank  
  42  3:56  SCV  
  42  3:59  Orbital Command, Marine  
  44  4:17  Barracks Reactor  
  44  4:18  Marine, Barracks Reactor  
  44  4:22  SCV  
  46  4:28  Siege Tank  
  46  4:30  SCV  
  50  4:34  SCV  
  50  4:37  Supply Depot  
  51  4:42  SCV, Marine  
  53  4:48  SCV  
  54  4:53  Supply Depot  
  54  4:59  SCV, Marine x4  
  59  5:00  SCV, Marine  
  59  5:02  Supply Depot  
  61  5:11  SCV  
  61  5:12  Starport  
  62  5:15  SCV  
  62  5:17  Marine  
  62  5:18  Marine  
  65  5:32  SCV  
  65  5:33  Marine x3  
  65  5:34  Marine  
  70  5:36  Marine  
  70  5:37  Siege Tank  
  70  5:38  SCV  
  75  5:44  SCV  
  75  5:47  Refinery  
  76  5:50  SCV  
  76  5:53  Marine, Command Center  
  76  5:56  Marine  
  78  6:19  SCV, Marine x4  
  78  6:20  SCV, Marine  
  60  6:26  Siege Tank  
  60  6:30  Starport Reactor  
  60  6:37  Marine x4  
  60  6:38  Marine  
  65  6:45  Barracks x2  
  65  6:51  SCV x2  
  67  6:55  Marine x3  
  67  6:57  Refinery  
  67  6:59  Siege Tank, Engineering Bay  
  73  7:02  Engineering Bay  
  73  7:03  SCV x2  
  75  7:08  Medivac  
  77  7:17  Supply Depot x2, Medivac  
  77  7:19  Supply Depot  
  77  7:28  Planetary Fortress  
  76  7:31  Marine x2  
  76  7:32  Marine x3  
  81  7:38  Medivac  
  81  7:39  Terran Infantry Weapons Level 1  
  83  7:45  SCV x2  
  83  7:47  Medivac  
  83  7:49  Marine x2  
  83  7:50  Marine  
  83  7:51  Marine x2  
  92  7:52  Barracks Reactor x2  
  92  7:56  Supply Depot  
  92  7:57  Supply Depot, SCV  
  93  7:59  Siege Tank  
  93  8:03  SCV  
  93  8:05  SCV  
  98  8:07  Marine x2  
  98  8:08  Terran Infantry Armor Level 1, Marine x2  
  98  8:09  SCV  
  103  8:13  Marine  
  103  8:15  SCV  
  103  8:17  SCV  
  106  8:21  Combat Shield, SCV  
  106  8:25  Marine x2  
  106  8:26  Marine x2  
  111  8:27  SCV  
  111  8:29  SCV  
  111  8:31  Marine  
  111  8:33  SCV  
  115  8:35  Marine x2  
  115  8:36  Marine x2  
  115  8:37  Siege Tank  
  115  8:39  SCV  
  123  8:41  SCV, Factory  
  123  8:42  Marine  
  123  8:45  SCV  
  126  8:50  Marine x2  
  126  8:51  SCV, Marine  
  126  8:54  SCV  
  131  9:07  Command Center  
  130  9:14  Marine  
  130  9:15  Marine x2  
  133  9:21  Supply Depot  
  133  9:22  Supply Depot  
  133  9:23  Supply Depot  
  133  9:25  Factory Tech Lab  
  133  9:33  Armory  
  133  9:42  Marine x4  
  133  9:43  Medivac x2  
  133  9:44  Siege Tank, SCV x2, Marine x3  
  133  9:45  SCV, Marine x2  
  152  10:02  Marine  
  150  10:14  Unknown  
  150  10:15  Unknown x5  
  150  10:16  Siege Tank  
  130  10:34  Marine x3  
  130  10:35  Marine x6  
  135  10:36  Siege Tank  
  135  10:37  Medivac x2  
  144  10:44  SCV x3  
  144  10:46  Orbital Command  
  144  10:48  Siege Tank  
  150  10:50  Refinery, Terran Infantry Weapons Level 2  
  150  10:51  Refinery  
  150  10:52  Marine x3  
  150  10:53  Marine x6  
  150  10:56  SCV  
  141  11:06  Medivac  
  141  11:10  Marine  
  133  11:23  Marine x7  
  133  11:24  Marine  
  133  11:25  Siege Tank x2  
  144  11:28  Marine  
  140  11:40  Marine  
  140  11:41  SCV x2, Marine x7  
  140  11:45  Orbital Command  
  142  11:57  Siege Tank x2  
  142  11:58  Supply Depot  
  142  11:59  Supply Depot  
  146  12:05  Marine x2  
  146  12:06  Marine x7  
  155  12:08  Medivac x2  
  154  12:19  SCV x2  
  147  12:23  Marine x3  
  147  12:24  Marine x3  
  147  12:26  Marine x3  
  147  12:29  Siege Tank x2  
  162  12:34  Barracks  
  162  12:35  Barracks  
  162  12:36  Barracks  
  162  12:37  Starport  
  162  12:39  Starport  
  162  12:41  Marine x4  
  162  12:42  Marine  
  162  12:43  Armory  
  167  12:53  Marine  
  167  12:54  Marine x3  
  167  12:55  Medivac  
  173  12:59  Marine  
  173  13:01  Siege Tank x2  
Show
View Real Time Build Order
Export as new Build Order

Marzbar Zerg 

Build Orders: Hatch First 

Get SALT Encoding   

  12  0:02  Drone  
  13  0:16  Overlord  
  13  0:17  Drone  
  14  0:34  Drone x2  
  16  0:43  Drone  
  17  0:54  Hatchery  
  16  0:58  Drone  
  16  1:00  Drone  
  16  1:03  Extractor  
  17  1:18  Spawning Pool  
  16  1:26  Drone x2  
  16  1:32  Drone  
  19  1:42  Overlord  
  19  2:01  Drone  
  20  2:07  Queen x2  
  24  2:08  Zergling x4  
  24  2:14  Metabolic Boost  
  26  2:16  Drone  
  27  2:30  Drone  
  27  2:31  Drone x2  
  30  2:46  Drone x2  
  30  2:51  Drone  
  33  2:59  Overlord  
  33  3:02  Hatchery  
  32  3:06  Queen  
  34  3:14  Queen  
  36  3:27  Drone  
  36  3:28  Drone x5  
  36  3:33  Overlord  
  42  3:57  Baneling Nest, Spore Crawler  
  42  3:58  Spore Crawler, Drone  
  42  3:59  Drone  
  42  4:00  Overlord, Zergling x2  
  42  4:01  Zergling x6  
  44  4:23  Zergling x4  
  44  4:24  Zergling x8  
  49  4:30  Drone x7  
  57  4:32  Overlord  
  57  4:35  Overlord  
  57  4:45  Baneling x4  
  57  4:52  Drone  
  58  4:53  Drone x3  
  58  4:54  Zergling x8  
  64  5:06  Extractor  
  63  5:07  Extractor  
  63  5:08  Zergling x14  
  69  5:25  Baneling x2  
  69  5:26  Baneling, Overlord x2  
  69  5:29  Overlord  
  69  5:39  Evolution Chamber x2  
  67  6:04  Lair  
  67  6:09  Zergling x2  
  67  6:10  Zergling x22  
  61  6:33  Zerg Melee Weapons Level 1, Zerg Ground Armor Level 1  
  61  6:35  Overlord, Drone x5  
  61  6:36  Overlord x2  
  61  6:37  Drone  
  67  6:55  Hatchery  
  67  6:57  Hatchery  
  65  7:13  Drone  
  65  7:14  Drone x11  
  77  7:22  Hydralisk Den  
  77  7:26  Extractor  
  66  7:41  Overlord x3  
  66  7:42  Drone  
  66  7:43  Drone x2  
  69  7:50  Overseer x3  
  69  7:54  Extractor  
  69  7:55  Extractor  
  69  7:56  Spore Crawler, Drone  
  69  7:57  Spine Crawler, Drone x11  
  77  7:58  Spine Crawler  
  76  8:15  Hydralisk x5  
  76  8:19  Grooved Spines  
  86  8:27  Zerg Missile Weapons Level 1, Drone x3  
  86  8:28  Drone  
  86  8:30  Drone  
  86  8:31  Drone x2  
  86  8:32  Drone x4  
  97  8:46  Hydralisk x5  
  97  8:47  Hydralisk  
  109  9:00  Drone  
  109  9:02  Hydralisk x6  
  122  9:10  Baneling  
  122  9:11  Baneling x8, Hydralisk  
  122  9:12  Hydralisk  
  126  9:20  Drone  
  126  9:21  Drone x8  
  135  9:30  Extractor, Muscular Augments  
  135  9:31  Extractor, Queen  
  135  9:38  Queen  
  135  9:39  Hydralisk  
  135  9:40  Hydralisk x4  
  147  10:07  Overlord x3  
  104  10:28  Hydralisk  
  104  10:29  Hydralisk x15  
  104  10:30  Hydralisk x5  
  104  10:34  Overlord x2  
  136  10:47  Overlord x3  
  136  10:48  Overlord x2  
  122  11:02  Zergling x2  
  122  11:03  Zergling x12  
  113  11:09  Baneling Nest, Hatchery  
  89  11:18  Hydralisk  
  89  11:19  Hydralisk x2, Zergling x12  
  89  11:20  Zergling x2  
  91  11:32  Hydralisk x4  
  89  11:35  Queen x4  
  103  11:44  Hydralisk  
  103  11:45  Hydralisk x3  
  94  11:57  Drone  
  94  11:58  Drone x5  
  94  12:03  Centrifical Hooks  
  92  12:10  Queen  
  92  12:11  Queen x2  
  96  12:19  Zergling x6  
  99  12:48  Hatchery  
  96  12:54  Zergling x2  
  96  12:55  Zergling x2  
  96  12:56  Zergling x8  
  96  12:57  Zergling x2  
  96  12:58  Zergling x20  
  112  13:03  Hydralisk Den  
Tags
 
Composition
Bio Tank
Matchup
TvZ
Replay Pack
June Replays
Spawn Locations
Cross Positions
Add a new tag
Caveats
  • Supply blocks, unpowered buildings, or Contaminate may cause inaccurate times.
  • Supply counts are checked every 10 seconds.